Cogmind - Beta 13 @@@ ROGUE MODE // 2024.04.06 @ 19:47:52 // Winter2019/RPGLIKE Player: Bulbasornado Result: Destroyed by Y-54 Guardian with Gatling Laser Performance ------------- Evolutions (3) 1500 Regions Visited (9) 1800 Robots Destroyed (577) 2885 Value Destroyed (22376) 22376 Prototype IDs (50) 1000 Alien Tech Used (0) 0 Bonus (15556) 15556 TOTAL SCORE: 45117 Bonus ------- Triggered High Security 1500 High Alert Combat Kills 15837 Entered Garrisons 200 Aligned with FarCom 300 Friendly Fire -2281 Cogmind --------- Core Integrity 0/700 Matter 300/300 Energy 97/100 System Corruption 0% Temperature Cool (6) Movement Flying (23) Location -7/Factory Parts ------- > --- POWER (1) -------- Backup Power VII > --- PROPULSION (5) --- Improved VTOL Module Improved VTOL Module Improved VTOL Module Improved VTOL Module Improved VTOL Module > --- UTILITY (8) ------ Advanced Melee Analysis Suite Target Analyzer Microactuators Force Booster Improved Medium Armor Plating Corruption Screen Corruption Screen Improved Corruption Screen > --- WEAPON (5) ------- Chainsword Chainsword Chainsword Chainsword Longsword +1 > --- INVENTORY (0) ---- (None) Peak State ------------ > --- POWER ------------ Backup Power VII > --- PROPULSION ------- Improved VTOL Module Improved VTOL Module Improved VTOL Module Improved VTOL Module Improved VTOL Module > --- UTILITY ---------- Advanced Melee Analysis Suite Target Analyzer Microactuators Force Booster Improved Medium Armor Plating Corruption Screen Corruption Screen Improved Corruption Screen > --- WEAPON ----------- Chainsword Chainsword Chainsword Chainsword Longsword +1 > --- INVENTORY -------- (None) [Rating: 85] Favorites ----------- Power Light Ion Engine Engine Light Ion Engine Power Core Light Nuclear Core Propulsion Improved VTOL Module Treads Light Treads Wheel Wheel Hover Unit Gravmag System Flight Unit Improved VTOL Module Utility Target Analyzer Device Seismic Detector Processor Target Analyzer Hackware System Shield Protection Improved Light Armor Plating Weapon Chainsword Energy Gun Medium Laser Ballistic Gun Assault Rifle Ballistic Cannon Light Cannon Launcher Grenade Launcher Impact Weapon Flail Slashing Weapon Chainsword Build | -11 -10 -10 -10 -9 -8 -8 -8 -8 -7 ------- Run | Yrd Mat Min Exi Min Mat Gar Mat Sto Fac Slots Evolved 15 | 2 6 . 1 . 3 1 . 1 1 Power . | . . . . . . . . . . Propulsion 4 | 1 2 . . . 1 . . . . Utility 7 | . 2 . 1 . 1 1 . 1 1 Weapon 4 | 1 2 . . . 1 . . . . Parts Attached 122 | 6 21 2 15 7 22 7 1 11 30 Power 15 | 1 2 . 3 1 2 . . 2 4 Engine 10 | 1 2 . . 1 1 . . 2 3 Core 5 | . . . 3 . 1 . . . 1 Reactor . | . . . . . . . . . . Propulsion 24 | 2 7 . 1 3 9 . . 1 1 Treads 2 | 2 . . . . . . . . . Leg . | . . . . . . . . . . Wheel 1 | . . . . 1 . . . . . Hover 1 | . . . 1 . . . . . . Flight 20 | . 7 . . 2 9 . . 1 1 Utility 58 | 1 6 . 7 3 7 5 1 8 20 Device 18 | 1 2 . 1 . 4 3 . 2 5 Storage . | . . . . . . . . . . Processor 13 | . 2 . 2 . . 2 . 1 6 Hackware 2 | . . . . . . . . . 2 Protection 25 | . 2 . 4 3 3 . 1 5 7 Artifact . | . . . . . . . . . . Weapon 25 | 2 6 2 4 . 4 2 . . 5 Energy Gun 1 | 1 . . . . . . . . . Energy Cannon . | . . . . . . . . . . Ballistic Gun 3 | 1 . . 2 . . . . . . Ballistic Cannon 4 | . 3 1 . . . . . . . Launcher 3 | . 1 1 1 . . . . . . Special Weapon . | . . . . . . . . . . Impact Weapon 3 | . 2 . . . . 1 . . . Slashing Weapon 11 | . . . 1 . 4 1 . . 5 Piercing Weapon . | . . . . . . . . . . Special Melee Weapon . | . . . . . . . . . . Unidentified Prototypes 3 | . . . . . 1 . . 1 1 Parts Lost 4 | . . . 2 . . . . . 2 Power . | . . . . . . . . . . Propulsion 1 | . . . 1 . . . . . . Utility 3 | . . . 1 . . . . . 2 Weapon . | . . . . . . . . . . Highest Loss Streak 1 | . . . 1 . . . . . 1 To Critical Strikes . | . . . . . . . . . . Average Slot Usage (%) 94 | . 88 100 98 99 98 100 100 99 98 Engine 7 | . 14 8 . 2 5 5 5 4 4 Core 1 | . . . 6 4 . . . . . Flight 24 | . 20 33 25 29 30 30 29 28 26 Device 11 | . 15 8 . . 7 17 17 16 13 Processor 8 | . 2 8 13 15 13 7 11 11 16 Protection 7 | . 3 8 14 14 9 5 5 4 4 Ballistic Gun 5 | . 10 . 6 7 1 . . . . Ballistic Cannon 1 | . 3 8 . . . . . . . Launcher 5 | . 14 8 . . . . . . . Impact Weapon 4 | . 1 16 15 15 3 . . . . Slashing Weapon 12 | . . . 7 7 22 30 29 28 26 Naked Turns . | . . . . . . . . . . Heaviest Build 35 | 8 15 15 22 22 29 34 34 34 35 Greatest Support 35 | 8 26 26 26 26 35 35 35 35 35 Greatest Overweight (x) 2 | . 1 . . 1 . 2 . . . Average Overweight (x) . | . . . . . . . . . . Largest Inventory Capacity . | . . . . . . . . . . Average Capacity . | . . . . . . . . . . Most Carried . | . . . . . . . . . . Average Carried . | . . . . . . . . . . Final Capacity . | . . . . . . . . . . Final Carried . | . . . . . . . . . . Class Distribution -------------------- 48% | Hacker-Sprinter 31% | Mutant 13% | Scavenger-Gladiator 4% | Scavenger-Sprinter Dominant Class ---------------- Mutant | -10/Materials Hacker-Sprinter | -10/Mines Scavenger-Gladiator | -10/Exiles Scavenger-Sprinter | -9/Mines Hacker-Sprinter | -8/Materials Hacker-Sprinter | -8/Garrison Hacker-Sprinter | -8/Materials Hacker-Sprinter | -8/Storage Hacker-Sprinter | -7/Factory Resources | -11 -10 -10 -10 -9 -8 -8 -8 -8 -7 ----------- Run | Yrd Mat Min Exi Min Mat Gar Mat Sto Fac Matter Collected 3498 | 275 1662 20 647 129 280 70 10 110 295 Remotely . | . . . . . . . . . . Salvage Created 25566 | 55 2244 397 2462 656 3112 2572 3681 4303 6084 Parts 1370 | 9 143 6 169 41 162 98 177 201 364 Haulers Intercepted 23 | . 2 . . . 6 . 3 6 6 Recyclers Shooed 2 | . 2 . . . . . . . . Parts Field Recycled . | . . . . . . . . . . Retrieved Matter . | . . . . . . . . . . Parts Self-Destructed . | . . . . . . . . . . Prevented . | . . . . . . . . . . Kills | -11 -10 -10 -10 -9 -8 -8 -8 -8 -7 ------- Run | Yrd Mat Min Exi Min Mat Gar Mat Sto Fac Combat Hostiles Destroyed 505 | . 27 4 68 13 54 43 68 91 137 Melee 452 | . . 2 45 13 53 43 68 91 137 Guns 14 | . . . 14 . . . . . . Cannons 22 | . 22 . . . . . . . . AOE 10 | . 5 . 5 . . . . . . Classes Destroyed 20 | 1 8 . 4 1 5 1 . . . Worker 54 | . 38 1 . 5 6 . . 2 2 Builder 20 | . 17 . . 1 2 . . . . Tunneler 9 | 3 1 1 . 3 1 . . . . Hauler 23 | . 2 . . . 6 . 3 6 6 Recycler 13 | . 8 . . 2 2 . . 1 . Mechanic 12 | . . . . . 1 . 2 2 7 Operator 13 | . 2 . . . . . 2 3 6 Watcher 20 | . 3 . . . 5 1 3 2 6 Swarmer 49 | . 9 . . 4 6 7 2 6 15 Cutter 4 | . . . . . 2 . . . 2 Grunt 232 | . 18 4 32 3 31 24 40 46 34 Brawler 29 | . . . 6 . 3 . 5 8 7 Duelist 24 | . . . 3 . 1 . 1 11 8 Protector 20 | . . . . . 1 . 2 4 13 Sentry 56 | . . . . . 9 8 17 16 6 Specialist 3 | . . . . . . 3 . . . Hunter 57 | . . . 18 . . . 1 . 38 Programmer 24 | . . . 9 . . 1 . . 14 Heavy 1 | . . . . . 1 . . . . Assembled 6 | . . . . 6 . . . . . Best Kill Streak 51 | 2 16 2 6 4 12 6 44 51 30 Combat Bots Only 35 | . 4 2 6 4 7 6 29 35 20 Max Kills in Single Turn 4 | 1 3 1 4 1 2 2 1 2 2 Gunslinging . | . . . . . . . . . . Exploded 4 | . 3 . 4 . . . . . . Melee 2 | . . 1 1 1 2 2 1 2 2 Uniques/NPCs Destroyed 1 | . . 1 . . . . . . . YI-UF0 (-10/Mines) Combat | -11 -10 -10 -10 -9 -8 -8 -8 -8 -7 -------- Run | Yrd Mat Min Exi Min Mat Gar Mat Sto Fac Hostile Shots Fired 1764 | . 49 7 256 27 140 150 205 200 730 Missed 841 | . 19 2 106 10 66 73 99 92 374 Damage Taken 11451 | . 322 65 1953 243 1010 985 1036 1701 4136 Core 7865 | . 263 55 1292 161 702 646 733 1227 2786 Absorbed by Shields 1210 | . . . . . 60 278 416 340 116 Redirected to Core 6169 | . 168 24 1014 93 464 552 539 1019 2296 Redirected to Shielding 45 | . 2 3 40 . . . . . . Ignored by Resistances 1343 | . . . 180 26 61 128 151 132 665 Regen/Repaired (Parts) 12 | . . . . . 12 . . . . Core Remaining (%) 89 | 100 . . . 78 . . . 91 . Volleys Fired 418 | 5 296 . 91 11 15 . . . . Largest 2 | 2 2 . 1 1 1 . . . . Hottest 70 | 70 65 . 30 28 28 . . . . Shots Fired 430 | 10 303 . 91 11 15 . . . . Gun 164 | 10 42 . 86 11 15 . . . . Cannon 214 | . 214 . . . . . . . . Launcher 52 | . 47 . 5 . . . . . . Special . | . . . . . . . . . . Kinetic 373 | 5 256 . 86 11 15 . . . . Thermal 5 | 5 . . . . . . . . . Explosive 52 | . 47 . 5 . . . . . . Electromagnetic . | . . . . . . . . . . Robot Hit Streak 20 | 7 20 . 9 8 3 . . . . Robot Miss Streak 6 | . 6 . 3 5 . . . . . Penetration Max 1 | . . . 1 . . . . . . Secondary Targets . | . . . . . . . . . . Shots Hit Robots 1499 | 7 158 16 168 35 165 120 178 251 401 Core Hits 611 | 3 75 2 76 16 64 46 71 98 160 Critical Kills 6 | . 2 . 3 . 1 . . . . Critical Parts Destroyed 19 | . 7 4 6 . 2 . . . . Critical Strikes 173 | . 14 4 20 1 15 18 23 38 40 Destroy 6 | . . . 6 . . . . . . Blast 5 | . 5 . . . . . . . . Smash 19 | . 9 4 3 . 3 . . . . Sever 143 | . . . 11 1 12 18 23 38 40 Melee Attacks 1818 | . 49 30 123 46 262 197 238 335 538 Impact 135 | . 49 30 29 8 19 . . . . Slashing 1683 | . . . 94 38 243 197 238 335 538 Piercing . | . . . . . . . . . . Sneak Attacks 149 | . 31 9 3 11 25 13 9 19 29 Combat Hostiles 39 | . . . 3 . 6 11 3 5 11 Follow-up Attacks 306 | . 2 . 18 1 38 29 47 67 104 Damage Inflicted 86958 | 81 5322 1076 6703 2451 9835 8232 11510 15678 26070 Guns 1434 | 81 26 . 1210 59 58 . . . . Cannons 2149 | . 2149 . . . . . . . . Explosions 794 | . 434 . 298 . . . . 62 . Melee 82581 | . 2713 1076 5195 2392 9777 8232 11510 15616 26070 Ramming . | . . . . . . . . . . Kinetic 3523 | 21 2175 . 1210 59 58 . . . . Thermal 60 | 60 . . . . . . . . . Explosive 794 | . 434 . 298 . . . . 62 . Electromagnetic . | . . . . . . . . . . Impact 4904 | . 2713 1076 626 19 470 . . . . Slashing 77677 | . . . 4569 2373 9307 8232 11510 15616 26070 Piercing . | . . . . . . . . . . Highest Corruption 5 | . . . 5 5 . . . . . Average Corruption 3 | . . . 3 5 . . . . . Corruption Purged . | . . . . . . . . . . Corruption Blocked 2 | . . . . . . . . . 2 Effects 55 | . . . 46 9 . . . . . Message Errors 16 | . . . 13 3 . . . . . Matter Fused 16 | . . . 14 2 . . . . . Heat Flow Errors 4 | . . . 2 2 . . . . . Energy Discharges 8 | . . . 8 . . . . . . Data Loss (minor) 4 | . . . 3 1 . . . . . Data Loss (major) 2 | . . . 2 . . . . . . Misfires 1 | . . . 1 . . . . . . Alerts 3 | . . . 2 1 . . . . . Weapon Failures 1 | . . . 1 . . . . . . Overload Shots . | . . . . . . . . . . Overflow Damage 9888 | . 1517 440 378 572 1257 778 1092 1361 2493 Projectiles 45 | . 45 . . . . . . . . Explosions 37 | . . . 37 . . . . . . Melee 9806 | . 1472 440 341 572 1257 778 1092 1361 2493 Knockbacks 41 | . 27 5 6 . 3 . . . . Impact 24 | . 10 5 6 . 3 . . . . Kinetic 16 | . 16 . . . . . . . . Secondary 1 | . 1 . . . . . . . . Self-Inflicted Damage 355 | . 42 . 17 . . 155 . 141 . Shots 6 | . 2 . 1 . . 1 . 2 . Rammed . | . . . . . . . . . . Targets Rammed . | . . . . . . . . . . Kicked . | . . . . . . . . . . Crushed . | . . . . . . . . . . Highest Temperature 429 | 56 31 13 226 429 12 1 18 11 11 Average Temperature 29 | 29 8 13 57 91 2 1 1 1 1 Received Heat Transfer 2856 | . 96 54 288 24 450 223 521 573 627 Siege Activations . | . . . . . . . . . . Robots Corrupted . | . . . . . . . . . . Combat Hostiles . | . . . . . . . . . . Parts Fried 35 | . 22 4 6 . 3 . . . . Impact Corruptions 69 | . 46 11 6 . 6 . . . . Robots Melted . | . . . . . . . . . . Combat Hostiles . | . . . . . . . . . . Parts Melted 1 | . . . 1 . . . . . . Heat Transferred 185 | 185 . . . . . . . . . Parts Sabotaged . | . . . . . . . . . . Parts Stolen . | . . . . . . . . . . Parts Stripped . | . . . . . . . . . . Power Chain Reactions . | . . . . . . . . . . Alert | -11 -10 -10 -10 -9 -8 -8 -8 -8 -7 ------- Run | Yrd Mat Min Exi Min Mat Gar Mat Sto Fac Peak Influence 5656 | 15 1876 976 . 413 1717 2926 3364 3721 5656 Initial 1692 | . 9 730 . . 82 1116 1426 1420 1692 Average 1253 | 5 372 886 . 244 906 2158 2444 2195 3000 Maximum Alert Level 5 | . 5 3 . 2 5 5 5 5 5 Low Security (%) 34 | 100 70 . . 26 5 . . . . Level 1 5 | . 4 . . 65 8 . . . . Level 2 4 | . 3 . . 7 23 . . . . Level 3 8 | . 5 100 . . 32 . . 8 . Level 4 11 | . 5 . . . 16 23 16 25 18 Level 5 17 | . 11 . . . 13 76 5 19 17 High Security 18 | . . . . . . . 78 46 63 Max Security . | . . . . . . . . . . Sterilizations 4 | . . . . . 1 . 1 1 1 Squads Dispatched 96 | . 12 . . 1 8 . 11 20 44 Investigation 26 | . 10 . . 1 5 . 3 5 2 Extermination 1 | . . . . . . . . . 1 Reinforcement 5 | . 2 . . . 1 . . . 2 Assault 53 | . . . . . 2 . 8 10 33 Garrison 11 | . . . . . . . . 5 6 Intercept . | . . . . . . . . . . Searches Triggered . | . . . . . . . . . . Construction Impeded . | . . . . . . . . . . Haulers Reinforced 1 | . . . . . . . . . 1 Active Scanning Responses . | . . . . . . . . . . Cargo Convoy Interrupts . | . . . . . . . . . . Stealth | -11 -10 -10 -10 -9 -8 -8 -8 -8 -7 --------- Run | Yrd Mat Min Exi Min Mat Gar Mat Sto Fac Distress Signals 11 | . 2 . . . 3 . 1 2 3 Communications Jammed . | . . . . . . . . . . Distress Signals . | . . . . . . . . . . Times Spotted 735 | . 35 4 84 18 64 46 94 114 276 Peak Tracking Total 25 | . 5 2 23 6 7 5 13 14 25 Tactical Retreats 44 | . . . 6 . 6 3 3 6 20 Traps | -11 -10 -10 -10 -9 -8 -8 -8 -8 -7 ------- Run | Yrd Mat Min Exi Min Mat Gar Mat Sto Fac Traps Triggered 19 | . 4 . . . 2 5 . 2 6 Indirectly . | . . . . . . . . . . Trap Hack Attempts . | . . . . . . . . . . Triggered . | . . . . . . . . . . Disarmed . | . . . . . . . . . . Reprogrammed 1 | . . . . . . . 1 . . Reused . | . . . . . . . . . . Traps Extracted . | . . . . . . . . . . Installed . | . . . . . . . . . . Triggered . | . . . . . . . . . . Machines | -11 -10 -10 -10 -9 -8 -8 -8 -8 -7 ---------- Run | Yrd Mat Min Exi Min Mat Gar Mat Sto Fac Machines Disabled 178 | . 34 8 8 10 43 15 17 18 25 Max in Single Turn 3 | . 3 1 1 1 3 2 1 2 1 Garrison Access 2 | . . . . . . . 1 1 . Garrison Relay 5 | . . . . . . 5 . . . Phase Generator 1 | . . . . . . 1 . . . Machines Repaired . | . . . . . . . . . . Machines Dismantled . | . . . . . . . . . . Machines Sabotaged . | . . . . . . . . . . Overloaded Fab Kills . | . . . . . . . . . . Hacking | -11 -10 -10 -10 -9 -8 -8 -8 -8 -7 --------- Run | Yrd Mat Min Exi Min Mat Gar Mat Sto Fac Machines Accessed 64 | . 8 . 2 1 15 5 5 15 13 Terminals 51 | . 6 . . 1 12 5 4 12 11 Fabricators 1 | . . . . . . . . . 1 Repair Stations 1 | . . . . . 1 . . . . Recycling Units 7 | . 2 . . . 1 . 1 2 1 Scanalyzers . | . . . . . . . . . . Garrison Access 2 | . . . . . 1 . . 1 . Total Hacks 330 | . 46 . 5 1 72 12 36 73 85 Successful 160 | . 21 . 5 1 35 5 20 39 34 Failed 166 | . 24 . . . 36 7 15 33 51 Catastrophic 35 | . 6 . . . 12 4 . 5 8 Database Lockouts 4 | . 1 . . . 1 . 1 1 . Manual 133 | . 13 . 1 1 50 5 22 20 21 Terminals 295 | . 39 . . 1 66 12 34 65 78 Fabricators 3 | . . . . . . . . . 3 Repair Stations 2 | . . . . . 2 . . . . Recycling Units 19 | . 7 . . . 2 . 2 4 4 Scanalyzers . | . . . . . . . . . . Garrison Access 6 | . . . . . 2 . . 4 . Terminal Hacks 135 | . 15 . 5 . 29 5 18 33 30 Record 7 | . . . 4 . . . . . 3 Part Schematic 7 | . . . . . . . . 3 4 Robot Schematic 2 | . . . . . . . . 2 . Robot Analysis 20 | . 3 . . . 7 . 6 3 1 Prototype ID Bank 17 | . 5 . . . 3 . 2 3 4 Open Door 5 | . . . . . . 2 . 3 . Open DSF 1 | . . . . . . . . . 1 Branch Access Points 4 | . 1 . . . . . 1 1 1 Emergency Access Points 5 | . 1 . . . 1 1 1 . 1 Repair Station Index 1 | . . . . . . . . . 1 Recycling Unit Index 1 | . . . . . . . . 1 . Garrison Index 1 | . . . . . . . . 1 . Alert Level 9 | . . . . . 6 . 1 2 . Unreport Threat 13 | . . . . . 4 . 2 4 3 Locate Traps 17 | . 2 . . . 6 . 1 4 4 Reprogram Traps 1 | . . . . . . . 1 . . Security Status 1 | . 1 . . . . . . . . Patrol Status 1 | . 1 . . . . . . . . Transport Status 1 | . . . . . . . . 1 . Investigation Status 1 | . 1 . . . . . . . . Reinforcement Status 1 | . . . . . . . . . 1 Assault Status 2 | . . . . . . . . . 2 Recall Extermination 1 | . . . . . . . . . 1 Recall Reinforcements 1 | . . . . . . . . . 1 Hauler Manifests 4 | . . . . . 1 . 1 2 . Registered Components 2 | . . . . . . . 1 1 . Registered Prototypes 4 | . . . . . 1 . 1 1 1 Zone Layout 2 | . . . . . . . . 1 1 Garrison Registry 1 | . . . . . . 1 . . . Patrol Navigation 1 | . . . . . . 1 . . . Derelict Proto ID Bank 1 | . . . 1 . . . . . . Fabricator Hacks 2 | . . . . . . . . . 2 Load Schematic 1 | . . . . . . . . . 1 Build 1 | . . . . . . . . . 1 Repair Station Hacks 2 | . . . . . 2 . . . . Scan Component 1 | . . . . . 1 . . . . Repair 1 | . . . . . 1 . . . . Recycling Unit Hacks 10 | . 4 . . . 1 . 1 2 2 Process 1 | . 1 . . . . . . . . Report Inventory 7 | . 2 . . . 1 . 1 2 1 Retrieve Components 2 | . 1 . . . . . . . 1 Scanalyzer . | . . . . . . . . . . Garrison Access Hacks 4 | . . . . . 2 . . 2 . Unlock Access 2 | . . . . . 1 . . 1 . Coupler Status 2 | . . . . . 1 . . 1 . Unauthorized Hacks 7 | . 2 . . 1 1 . 1 2 . Terminals 2 | . 1 . . 1 . . . . . Track 1 | . 1 . . . . . . . . Override 1 | . . . . 1 . . . . . Fabricators . | . . . . . . . . . . Repair Stations . | . . . . . . . . . . Recycling Units 5 | . 1 . . . 1 . 1 2 . Tunnel 5 | . 1 . . . 1 . 1 2 . Scanalyzers . | . . . . . . . . . . Garrison Access . | . . . . . . . . . . Data Cores Recovered 5 | . . . . . . . . 3 2 Used 4 | . . . . . . . . 2 2 Hacking Detections 49 | . 7 . . . 12 4 4 10 12 Full Trace Events 23 | . 7 . . . 7 2 2 3 2 Feedback Events . | . . . . . . . . . . Feedback Blocked . | . . . . . . . . . . Robot Schematics Acquired 2 | . . . . . . . . 2 . Robots Built . | . . . . . . . . . . Authchips . | . . . . . . . . . . Time . | . . . . . . . . . . Total Robot Build Rating . | . . . . . . . . . . Part Schematics Acquired 7 | . . . . . . . . 3 4 Parts Built 1 | . . . . . . . . . 1 Authchips . | . . . . . . . . . . Time 47 | . . . . . . . . . 47 Total Part Build Rating 5 | . . . . . . . . . 5 Parts Repaired 1 | . . . . . 1 . . . . Time 38 | . . . . . 38 . . . . Parts Recycled . | . . . . . . . . . . Recycled Matter 13 | . 13 . . . . . . . . Retrieved Matter . | . . . . . . . . . . Retrieved Components 14 | . 9 . . . . . . . 5 Parts Scanalyzed . | . . . . . . . . . . Part Schematics Acquired . | . . . . . . . . . . Parts Damaged . | . . . . . . . . . . Bothacking | -11 -10 -10 -10 -9 -8 -8 -8 -8 -7 ------------ Run | Yrd Mat Min Exi Min Mat Gar Mat Sto Fac Used RIF Installer . | . . . . . . . . . . Robots Hacked . | . . . . . . . . . . Non-combat . | . . . . . . . . . . Combat . | . . . . . . . . . . Robot Hacks Applied . | . . . . . . . . . . Relay Couplers Released 12 | . . . . . . 9 1 2 . Machine Destruction 11 | . . . . . . 8 1 2 . Programmers 1 | . . . . . . 1 . . . Fabnet Peak Effective % . | . . . . . . . . . . Robots Rewired . | . . . . . . . . . . Allies Hacked . | . . . . . . . . . . Hacks Repelled . | . . . . . . . . . . Allies | -11 -10 -10 -10 -9 -8 -8 -8 -8 -7 -------- Run | Yrd Mat Min Exi Min Mat Gar Mat Sto Fac Total Allies 1 | . . . . . . 1 . . . Largest Group 1 | . . . . . . 1 . . . Highest-Rated Group 178 | . . . . . . 178 . . . Highest-Rated Ally 178 | . . . . . . 178 . . . Total Orders . | . . . . . . . . . . Ally Attacks . | . . . . . . . . . . Total Damage . | . . . . . . . . . . Kills . | . . . . . . . . . . Allies Corrupted . | . . . . . . . . . . Allies Melted . | . . . . . . . . . . Intel | -11 -10 -10 -10 -9 -8 -8 -8 -8 -7 ------- Run | Yrd Mat Min Exi Min Mat Gar Mat Sto Fac Robot Analysis Total 20 | . 3 . . . 7 . 6 3 1 Derelict Logs Recovered 3 | . . 2 . 1 . . . . . Drone Launches 1 | . . . 1 . . . . . . Drone Recoveries . | . . . . . . . . . . Exploration | -11 -10 -10 -10 -9 -8 -8 -8 -8 -7 ------------- Run | Yrd Mat Min Exi Min Mat Gar Mat Sto Fac Turns Passed 14853 | 65 5645 284 2676 438 1176 962 731 935 1941 Spaces Moved 15959 | 34 2316 654 1414 757 2087 1604 1364 1454 4275 Core 84 | 34 47 . . 3 . . . . . Treads . | . . . . . . . . . . Legs . | . . . . . . . . . . Wheels . | . . . . . . . . . . Hover . | . . . . . . . . . . Flight 15875 | . 2269 654 1414 754 2087 1604 1364 1454 4275 Fastest Speed 23 | 50 31 31 31 31 23 23 23 23 23 Average Speed 26 | 50 35 31 32 32 25 23 23 23 23 Slowest Speed 120 | 50 100 31 34 120 31 23 23 26 23 Overloaded Moves . | . . . . . . . . . . Propulsion Burnouts . | . . . . . . . . . . Robots Hopped 58 | . . . . 4 . . 1 7 46 Cave-ins Triggered 1 | . . . . . . 1 . . . Exploration Rate (%) 85 | 4 99 98 94 98 99 98 97 98 73 Regions Visited 9 Branch Regions 4 Pre-discovered Areas 7 | . 1 . 1 . 1 . 1 3 . Known Exits Taken 4 | . 1 . . . 1 . 1 1 . Unknown Exits Taken 4 | 1 . 1 1 1 . . . . . Scrap Searched 3 | . . 1 . 2 . . . . . Spaces Dug 81 | . 25 1 . . 13 4 8 5 25 Terrain Destroyed 553 | . 345 1 21 35 45 57 8 16 25 Melee 58 | . 2 1 . . 13 4 8 5 25 Projectile 2 | . . . 1 1 . . . . . AOE 493 | . 343 . 20 34 32 53 . 11 . Terrain Rammed . | . . . . . . . . . . Walls Destroyed . | . . . . . . . . . . Machines Disabled . | . . . . . . . . . . Actions | -11 -10 -10 -10 -9 -8 -8 -8 -8 -7 --------- Run | Yrd Mat Min Exi Min Mat Gar Mat Sto Fac Total 24752 | 68 6765 695 3442 895 2522 2046 1600 1798 4921 Wait 6348 | 24 4063 8 1721 76 144 171 23 30 88 Move 15843 | 33 2315 653 1413 748 2086 1603 1361 1440 4191 Hop 49 | . . . . 4 . . 1 6 38 Pick Up . | . . . . . . . . . . Fast Attach 89 | 6 13 1 13 6 15 7 . 8 20 Attach . | . . . . . . . . . . Detach . | . . . . . . . . . . Swap 33 | . 8 1 2 1 7 . 1 3 10 Drop 84 | . 15 2 12 7 18 6 1 5 18 Fire 418 | 5 296 . 91 11 15 . . . . Melee 1224 | . 41 26 94 38 175 130 158 214 348 Ram . | . . . . . . . . . . Kick . | . . . . . . . . . . Crush . | . . . . . . . . . . Escape Stasis 170 | . . . . . . 81 . 18 71 Rewire . | . . . . . . . . . . Trap . | . . . . . . . . . . Miscellaneous 494 | . 14 4 96 4 62 48 55 74 137 Route ------- -11/Scrapyard -10/Materials (discovered 4 exits: [*Mat x3] / *Min) -10/Mines (discovered 3 exits: [*Mat x2] / *Exi) -10/Exiles (discovered 2 exits: *Min x2) -9/Mines (discovered 2 exits: *Mat x2) -8/Materials (discovered 5 exits: *Fac x3 / *Sto / Gar) -8/Garrison (discovered 3 exits: *Mat x3) -8/Materials (discovered 4 exits: *Fac x3 / *Sto) -8/Storage (discovered 2 exits: *Fac / *Rec) -7/Factory (discovered 5 exits: *Fac x3 / Low x2) History --------- Turn | Location | Event 1 | -11/Scrapyard | Upgraded with Propulsion slot (x1) 1 | -11/Scrapyard | Upgraded with Weapon slot (x1) 8 | -11/Scrapyard | Discovered new exit (range 15) 66 | -11/Scrapyard | Entered Materials 307 | -10/Materials | Build established: Mutant 3710 | -10/Materials | Upgraded with Utility slot (x1) 3880 | -10/Materials | Upgraded with Utility slot (x1) 3939 | -10/Materials | Discovered new exit (range 13) 4158 | -10/Materials | Reached level 2 4181 | -10/Materials | Central database locked down 4407 | -10/Materials | Reached level 3 4431 | -10/Materials | Discovered new exit (range 16) 4455 | -10/Materials | Identified exit to Mines 4522 | -10/Materials | Discovered new exit (range 3) 4616 | -10/Materials | Upgraded with Propulsion slot (x1) 4663 | -10/Materials | Reached level 4 4684 | -10/Materials | Discovered new exit (range 6) 4942 | -10/Materials | Build established: Hacker-Mutant 4948 | -10/Materials | Reached level 5 5068 | -10/Materials | Upgraded with Propulsion slot (x1) 5068 | -10/Materials | Upgraded with Weapon slot (x1) 5334 | -10/Materials | Upgraded with Weapon slot (x1) 5374 | -10/Materials | Build established: Hacker-Sprinter 5711 | -10/Materials | Entered Mines 5726 | -10/Mines | Found a hidden stash of uninstalled traps 5740 | -10/Mines | Met a Derelict bent on vengeance 5771 | -10/Mines | Learned Materials trap positions 5781 | -10/Mines | YI-UF0 nonchalantly dropped a Grenade Launcher on the ground 5796 | -10/Mines | Murdered YI-UF0 5796 | -10/Mines | Destroyed YI-UF0 5806 | -10/Mines | Deemed a non-threat by the Exiles lab entrance 5806 | -10/Mines | Discovered new exit (range 5) 5811 | -10/Mines | A weapon hastily lodged in a ceiling crevice suddenly fell to the ground 5857 | -10/Mines | Discovered new exit (range 5) 5873 | -10/Mines | Discovered new exit (range 14) 5951 | -10/Mines | Learned Materials stockpile data 5995 | -10/Mines | Entered Exiles 5997 | -10/Exiles | Reached level 6 6004 | -10/Exiles | Met 8R-AWN 6008 | -10/Exiles | Met EX-HEX 6017 | -10/Exiles | Met EX-BIN 6021 | -10/Exiles | Aligned with FarCom system 6021 | -10/Exiles | Given EX-Vault access code 6028 | -10/Exiles | Opened EX-Vault 6030 | -10/Exiles | Found Longsword +1 6038 | -10/Exiles | Warned to stay clear of 0b10 Research branches 6044 | -10/Exiles | Exiles lab attacked by MAIN.C 6048 | -10/Exiles | Learned location of Zion (-7) 6086 | -10/Exiles | Found Supersonic Drone Bay 6138 | -10/Exiles | Lost 5 allies 6149 | -10/Exiles | Discovered new exit (range 15) 6635 | -10/Exiles | Reached level 7 6661 | -10/Exiles | Upgraded with Utility slot (x1) 6712 | -10/Exiles | Core integrity fell below 50% 7045 | -10/Exiles | Build established: Scavenger-Gladiator 8613 | -10/Exiles | Discovered new exit (range 12) 8671 | -10/Exiles | Left Exiles lab with Longsword +1 8671 | -10/Exiles | Entered Mines 8673 | -9/Mines | Reached level 8 8785 | -9/Mines | Discovered new exit (range 8) 8786 | -9/Mines | Assembled infested the area 8864 | -9/Mines | Learned 2 Materials zone layouts 8933 | -9/Mines | Discovered new exit (range 7) 9013 | -9/Mines | Build established: Scavenger-Sprinter 9109 | -9/Mines | Entered Materials 9110 | -8/Materials | Identified exit to Factory 9111 | -8/Materials | Loaded intel: 11 trap records 9111 | -8/Materials | Reached level 9 9131 | -8/Materials | Reached level 10 9145 | -8/Materials | Central database locked down 9219 | -8/Materials | Destroyed 7 combat bots 9291 | -8/Materials | Reached level 11 9291 | -8/Materials | Upgraded with Utility slot (x1) 9438 | -8/Materials | Discovered new exit (range 6) 9455 | -8/Materials | Build established: Hacker-Sprinter 9509 | -8/Materials | First assault squad dispatched 9590 | -8/Materials | Reached level 12 9631 | -8/Materials | Upgraded with Propulsion slot (x1) 9700 | -8/Materials | Destroyed 7 combat bots 9744 | -8/Materials | Discovered exit to Factory (range 13) 9796 | -8/Materials | Identified exit to Garrison 9842 | -8/Materials | Reached level 13 9921 | -8/Materials | Upgraded with Weapon slot (x1) 10101 | -8/Materials | Discovered exit to Factory (range 7) 10121 | -8/Materials | Sterilization system engaged 10121 | -8/Materials | Non-combat units ordered to evacuate 10204 | -8/Materials | Repaired Imp. Light Armor Plating 10221 | -8/Materials | Combat units ordered to evacuate 10285 | -8/Materials | Entered Garrison 10316 | -8/Garrison | Triggered checkpoint 10327 | -8/Garrison | Reached level 14 10380 | -8/Garrison | Triggered checkpoint 10385 | -8/Garrison | Garrison Relay disabled 10393 | -8/Garrison | Discovered new exit (range 10) 10410 | -8/Garrison | Triggered checkpoint 10458 | -8/Garrison | Garrison Relay disabled 10528 | -8/Garrison | Triggered checkpoint 10590 | -8/Garrison | Discovered new exit (range 12) 10600 | -8/Garrison | Triggered checkpoint 10601 | -8/Garrison | Discovered new exit (range 58) 10601 | -8/Garrison | Discovered new exit (range 10) 10601 | -8/Garrison | Discovered new exit (range 55) 10604 | -8/Garrison | Garrison Relay disabled 10662 | -8/Garrison | Triggered checkpoint 10750 | -8/Garrison | Triggered checkpoint 10807 | -8/Garrison | Crushed by falling debris 10834 | -8/Garrison | Triggered checkpoint 10835 | -8/Garrison | Garrison Relay disabled 10888 | -8/Garrison | Triggered checkpoint 10954 | -8/Garrison | Garrison Relay disabled 10954 | -8/Garrison | Reached level 15 10958 | -8/Garrison | Phase Generator disabled 10966 | -8/Garrison | Triggered checkpoint 11004 | -8/Garrison | Rescued AZ-K3N 11190 | -8/Garrison | Upgraded with Utility slot (x1) 11247 | -8/Garrison | Entered Materials 11333 | -8/Materials | Identified exit to Storage 11333 | -8/Materials | Central database locked down 11407 | -8/Materials | High security lockdown imminent 11471 | -8/Materials | Discovered exit to Factory (range 6) 11487 | -8/Materials | High security lockdown engaged 11724 | -8/Materials | Sterilization system engaged 11724 | -8/Materials | Non-combat units ordered to evacuate 11724 | -8/Materials | Destroyed 29 combat bots 11734 | -8/Materials | Reached level 16 11785 | -8/Materials | Discovered exit to Factory (range 3) 11824 | -8/Materials | Combat units ordered to evacuate 11827 | -8/Materials | Destroyed 12 combat bots 11848 | -8/Materials | Discovered exit to Factory (range 12) 11978 | -8/Materials | Entered Storage 11981 | -8/Storage | Central database locked down 12093 | -8/Storage | Learned location of Armory (-4) 12106 | -8/Storage | Destroyed 9 combat bots 12114 | -8/Storage | Identified exit to Garrison 12116 | -8/Storage | Garrison activated, responded to threat 12173 | -8/Storage | Discovered new exit (range 4) 12225 | -8/Storage | Identified exit to Recycling 12344 | -8/Storage | Discovered exit to Factory (range 16) 12378 | -8/Storage | First assault squad dispatched 12480 | -8/Storage | High security lockdown imminent 12530 | -8/Storage | Garrison activated, responded to threat 12560 | -8/Storage | High security lockdown engaged 12684 | -8/Storage | Destroyed 35 combat bots 12707 | -8/Storage | Reached level 17 12715 | -8/Storage | Core integrity fell below 50% 12741 | -8/Storage | Upgraded with Utility slot (x1) 12763 | -8/Storage | Destroyed 13 combat bots 12783 | -8/Storage | Sterilization system engaged 12783 | -8/Storage | Non-combat units ordered to evacuate 12803 | -8/Storage | Core integrity fell below 20% 12839 | -8/Storage | Destroyed 8 combat bots 12883 | -8/Storage | Combat units ordered to evacuate 12913 | -8/Storage | Entered Factory 12923 | -7/Factory | Identified exit to DSF 12985 | -7/Factory | Discovered new exit (range 7) 13015 | -7/Factory | Identified exit to Factory 13194 | -7/Factory | Identified exit to Lower Caves 13313 | -7/Factory | First assault squad dispatched 13355 | -7/Factory | Discovered exit to Factory (range 16) 13620 | -7/Factory | High security lockdown imminent 13672 | -7/Factory | Discovered exit to Factory (range 15) 13673 | -7/Factory | Fabricated Adv. Melee Analysis Suite? 13700 | -7/Factory | High security lockdown engaged 13794 | -7/Factory | Reached level 18 13829 | -7/Factory | Garrison activated, responded to threat 13885 | -7/Factory | Destroyed 15 combat bots 13971 | -7/Factory | Garrison activated, responded to threat 14129 | -7/Factory | Destroyed 8 combat bots 14203 | -7/Factory | Core integrity fell below 50% 14234 | -7/Factory | Destroyed 20 combat bots 14291 | -7/Factory | Destroyed 7 combat bots 14363 | -7/Factory | Destroyed 11 combat bots 14383 | -7/Factory | Reached level 19 14447 | -7/Factory | Destroyed 8 combat bots 14457 | -7/Factory | Upgraded with Utility slot (x1) 14524 | -7/Factory | Destroyed 12 combat bots 14570 | -7/Factory | Core integrity fell below 20% 14571 | -7/Factory | Sterilization system engaged 14571 | -7/Factory | Non-combat units ordered to evacuate 14658 | -7/Factory | Destroyed 14 combat bots 14671 | -7/Factory | Combat units ordered to evacuate 14854 | -7/Factory | Destroyed by Y-54 Guardian with Gatling Laser Last Messages --------------- 14734_ Reaction Control System destroyed. 14736_ Upgraded: Core Integrity (+100) 14741_ Acquired Corruption Screen. 14756_ L-41 Fighter destroyed. 14762_ Chainsword follow-up attack on Y-54 Guardian. 14764_ Y-54 Guardian destroyed. 14767_ Penetrated by Slug. 14789_ Drone sends a signal. 14792_ The unstable cave ceiling collapses. 14792_ Slug penetrates Earth. 14793_ H-55 Commando Lgt. Nuclear Core severed. 14795_ Penetrated by Slug. 14796_ The unstable cave ceiling collapses. 14804_ Acquired 25 matter. 14853_ Sneak attack on Y-54 Guardian. 14853_ Y-54 Guardian Lgt. Treads severed. 14853_ Sneak attack on Y-54 Guardian. 14853_ Chainsword follow-up attack on Y-54 Guardian. 14853_ Sneak attack on Y-54 Guardian. 14853_ Chainsword follow-up attack on Y-54 Guardian. Map ----- +----------------------------------------------------+ | ????# %=###### """" #?#%##" | | ????# / """" ]] #?#=##" | | ????# ###### ]] #?#%## | | ????# #####! #????# #?#*##" | | ????# #?#####+#####??# | ###*##" | | ###### ##?# #??############# #" | | # #??# #??????????????# # | | # #??# #??????????????# %* + | | """" + #??# #???##############+## ## | | """" # #??############### %=# | | """" # #?????????# = !# ! # / ^ | | """" + #?????????# # # ^/ | | ### #?????????# """ [# """"""" # // | | #?# ###########"""" # """"""" ## ^^ | | ######?# +%""" # """"""" ## /!^ | | ???????###############" [# """"""" ## %" | | ?????????????????????###"#### ##= !" | | ####?????????????????# ###+############### " | | #???????# #### [ !!%* | | "" #???????? " !%=[=%== | | "" #????????? [ #### "%%%[ ] | | "" #?????????????????# ####################### | | " #?????????????????### ###?????????????????????# | | #???????????######### #???????????????????????# | | "" #???????#???# = ##Y##??????????????????????# | | "" #?????? #???# =*# @######################## | | "" ######/###### !!%%+ "%" !=*%% | | ="!+ " + !!= # ############ #######%%!= | | |%=# "%" #?# !! ## ##??????????# #?????#!="" | | [!%#% #?# ## #???????????# #?????# "" | | *%/% #?######### #???????????# #?????# "" | | !!######### #?????????# #???????????# #?????# | | #???????# #?????????# #?????????### ###???# | | !% #######?# +?????????# #?????????# #???##### | | #/##] #?# #?????????# #?????????# #???#! | | [%! ### #?????????# #?????????# #???# | | +?????????# #?????????# #???# | | ### #?????????# #?????????# #???# """ | | #+## #?# #?????????# #???????#####+####### """ | | ###+##### #?????????# #???????# # """ | | # ## #?????????# #???????#! # | | # ## ########### #???????# """"""" # | | # """## #???????# """"""" ##### | | # """################???????# """"""" #???? | | /# ! """#??????????????????????#] """"""" !#???? | | # #??????????????????????# ?#???? | | ##########???????????????????????##??###?????????? | | | | | | | +----------------------------------------------------+ Best States ------------- Heat Dissipation 37 Energy Generation 27 Energy Capacity 160 Matter Stores 300 Matter Capacity 300 Sight Range 16 Terrain Scan Range 14 Terrain Scan Density 10 Corruption Block 30 Armor Coverage 450 Resistance: KI 20 Resistance: TH 15 Propulsion Shielding 33 Melee Speed Boost 20 Evasion (%) 73 Targeting Accuracy 5 Melee Accuracy 8 Target Analysis 5 Force Boost 20 Offensive Hacking 20 Defensive Hacking 37 Item Schematics ----------------- Imp. Melee Analysis Suite | -8/Storage | Hacked Hacking Suite | -8/Storage | Hacked Adv. Melee Analysis Suite | -8/Storage | Hacked Imp. Hardlight Generator | -7/Factory | Hacked Adv. Signal Interpreter | -7/Factory | Hacked Adv. System Shield | -7/Factory | Hacked Phase Shifter | -7/Factory | Hacked Robot Schematics ------------------ G-47 Trooper | -8/Storage | Hacked K-01 Serf | -8/Storage | Hacked Fabricated ------------ Adv. Melee Analysis Suite | x1 | -7/Factory Alien Tech Used ----------------- None Achievements -------------- None Challenges ------------ None RPGLIKE | -11 -10 -10 -10 -9 -8 -8 -8 -8 -7 --------- Run | Yrd Mat Min Exi Min Mat Gar Mat Sto Fac Levels Raised 18 | . 4 . 2 1 5 2 1 1 2 XP Earned 30543 | 3000 6308 1135 2890 1573 7330 1943 1508 1473 3383 XP Spent 29980 | 1100 7800 . 3050 1150 7820 2250 800 2900 3110 Upgrades 44 | 3 12 . 7 3 9 2 1 3 4 Propulsion Slot 4 | 1 2 . . . 1 . . . . Utility Slot 7 | . 2 . 1 . 1 1 . 1 1 Weapon Slot 4 | 1 2 . . . 1 . . . . Core Integrity 2 | . . . . . . . . . 2 Heat Dissipation 2 | . . . . 1 1 . . . . Energy Generation 2 | . . . . . 1 1 . . . Mass Support 2 | 1 1 . . . . . . . . Melee Accuracy 5 | . . . 3 2 . . . . . Hack Attack % 4 | . 2 . . . 1 . 1 . . Hack Defense % 5 | . 3 . . . 2 . . . . KI Resistance % 4 | . . . 3 . . . . . 1 TH Resistance % 3 | . . . . . 1 . . 2 . Protomatter Created 7609 | . 134 24 1149 59 776 439 1083 1399 2546 Integrity Restored 9695 | . 267 66 1888 44 1219 892 1108 1425 2786 Core 7165 | . 263 55 1292 34 815 660 733 1175 2138 Parts 2530 | . 4 11 596 10 404 232 375 250 648 Protomatter Decayed 2583 | . 26 . 327 4 203 145 333 466 1079 Game ------ Seed ZioniteCatalystNullifier Manual? 0 Play Time 07:05:23 Cumulative 46.4 hours Start 2024.04.05 @ 21:55:24 End 2024.04.06 @ 19:47:52 Sessions 5 Manual Loads 0 Difficulty Rogue Special Mode Winter2019/RPGLIKE Game No. 19 Rogue 18 Adventurer 1 Explorer 0 Win Type - Total 0 Types 0/0/0/0/0/0/0/0/0 Lore% 26 Gallery% 27 Achievement% 20 Wizard Run 0 Options --------- Layout 0 ASCII 0 Keyboard 0 Movement Mouse Keybinds 0 Fullscreen 2 Font 18/Smallcaps Map View 76x50 Zoom Use 0% Tactical HUD 1 Map Filters NONE Filters NONE Steam 1 RUN: cc3f1f1b-5246-43b8-8607-05433bb336a5